 Dungeon Crawl Stone Soup version 0.28.0-45-g0d030f2227 (webtiles) character file.

Game seed: 18299598807182899746

55598 prikolics the Covert (level 14, -25/123 HPs)
             Began as a Gnoll Delver on Apr 17, 2022.
             Was an Elder of Ashenzari.
             Annihilated by a +3 triple sword of freezing (32 damage)
             ... on level 2 of the Elven Halls.
             The game lasted 02:31:07 (17158 turns).

prikolics the Covert (Gnoll Delver)                Turns: 17158, Time: 02:31:09

Health: -25/123    AC: 14    Str: 17    XL:     14   Next: 78%
Magic:  29/31      EV: 19    Int: 24    God:    Ashenzari [****..]
Gold:   1341       SH: 13    Dex: 25    Spells: 25/39 levels left

rFire   . . .      SeeInvis +   y - +10 short sword of the Curse-Bearer {speed, Dex+2, Self, Elem} (curse)
rCold   . . .      Faith    .   e - +0 buckler "Lashed Sorrow" {Range, Melee} (curse)
rNeg    . . .      Spirit   .   s - +3 ring mail of Supernal Knowledge {Str+4 Int+5 Dex+3, Elem, Self} (curse)
rPois   .          Reflect  +   V - +1 helmet "Share My Gnosis" {Alch, Evo} (curse)
rElec   .          Harm     .   (no cloak)
rCorr   .          Rampage  .   (no gloves)
Will    +....      Clarity  +   G - +0 pair of boots "Manifest Omen" {Stlth+, Bglg, Comp} (curse)
Stlth   ++++++....              U - amulet of reflection
HPRegen 0.30/turn               m - ring "Shackled Gloom" {Dex+6, Self, Evo} (curse)
MPRegen 0.22/turn               j - +6 ring of intelligence

@: about to teleport
A: fangs 1, strong nose, distributed training
a: Renounce Religion, Shatter the Chains


You were on level 2 of the Elven Halls.
You worshipped Ashenzari.
Ashenzari was greatly pleased with you.
You visited 3 branches of the dungeon, and saw 18 of its levels.

You collected 2191 gold pieces.
You spent 850 gold pieces at shops.

Inventory:

Hand Weapons
 y - the cursed +10 short sword of the Curse-Bearer (weapon) {speed, Dex+2, Self, Elem}
   (You found it on level 2 of the Dungeon)

   Attacks with this weapon are significantly faster.
   Dex:       It affects your dexterity (+2).
   It has a curse which improves the following skills: Introspection: Fighting
   and Spellcasting.
   Elements:  Fire Magic, Ice Magic, Air Magic and Earth Magic.
Missiles
 l - 14 poisoned darts
 t - a throwing net
 F - a curare-tipped dart
 H - 4 boomerangs
 L - a silver boomerang (quivered)
 T - 3 silver javelins
Armour
 e - the cursed +0 buckler "Lashed Sorrow" (worn) {Range, Melee}
   (You found it on level 6 of the Dungeon)

   It has a curse which improves the following skills: Ranged Combat: Slings,
   Bows, Crossbows and Throwing.
   Melee Combat: Short Blades, Long Blades, Axes, Maces & Flails, Polearms,
   Staves and Unarmed Combat.
 s - the cursed +3 ring mail of Supernal Knowledge (worn) {Str+4 Int+5 Dex+3, Elem, Self}
   (You found it on level 8 of the Dungeon)

   Str:       It affects your strength (+4).
   Int:       It affects your intelligence (+5).
   Dex:       It affects your dexterity (+3).
   It has a curse which improves the following skills: Elements: Fire Magic, Ice
   Magic, Air Magic and Earth Magic.
   Introspection: Fighting and Spellcasting.
 G - the cursed +0 pair of boots "Manifest Omen" (worn) {Stlth+, Bglg, Comp}
   (You bought it in a shop on level 10 of the Dungeon)

   It has a curse which improves the following skills: Beguiling: Conjurations,
   Hexes and Translocations.
   Companions: Summonings and Necromancy.
 P - +0 acid dragon scales
 V - the cursed +1 helmet "Share My Gnosis" (worn) {Alch, Evo}
   (You found it on level 2 of the Elven Halls)

   It has a curse which improves the following skills: Alchemy: Poison Magic and
   Transmutations.
   Evocations: Evocations.
Magical Staves
 B - a staff of fire
Jewellery
 c - a ring of magical power
 h - a ring of ice
 j - a +6 ring of intelligence (right hand)
 m - the cursed ring "Shackled Gloom" (left hand) {Dex+6, Self, Evo}
   (You found it on level 3 of the Dungeon)

   [ring of dexterity]

   Dex:       It affects your dexterity (+6).
   It has a curse which improves the following skills: Introspection: Fighting
   and Spellcasting.
   Evocations: Evocations.
 w - a ring of ice
 A - a ring of ice
 C - an amulet of guardian spirit
 E - a ring of ice
 I - the amulet "Gaczou" {+Inv Regen+ Int-4 Stlth+}
   (You bought it in a shop on level 10 of the Dungeon)

   [amulet of regeneration]

   Int:       It affects your intelligence (-4).
   +Inv:      It lets you turn invisible.
   Regen:     It increases your rate of health regeneration.
   Stlth:     It makes you more stealthy.
 J - a +6 ring of dexterity
 K - a ring of magical power
 M - a ring of ice
 S - a +6 ring of intelligence
 U - an amulet of reflection (around neck)
Wands
 b - a wand of polymorph (2)
 g - a wand of digging (3)
 p - a wand of iceblast (17)
 u - a wand of paralysis (6)
Scrolls
 d - 3 scrolls of magic mapping
 i - 4 scrolls of amnesia
 k - 8 scrolls of teleportation
 q - 16 scrolls of identify
 r - a scroll of holy word
 v - a scroll of summoning
 z - a scroll of silence
 N - 2 scrolls of fear
 W - a scroll of enchant weapon
Potions
 a - a potion of invisibility
 f - 3 potions of haste
 n - 9 potions of ambrosia
 o - 2 potions of might
 x - 2 potions of flight
 D - a potion of berserk rage
 O - a potion of brilliance
 Q - 2 potions of curing


   Skills:
 + Level 11.5(15.3) Fighting
 + Level 9.5(11.5) Short Blades
 + Level 9.5(11.5) Long Blades
 + Level 9.5(11.5) Axes
 + Level 9.5(11.5) Maces & Flails
 + Level 10.6(12.5) Polearms
 + Level 9.5(11.5) Staves
 + Level 9.5(11.5) Slings
 + Level 9.5(11.5) Bows
 + Level 9.5(11.5) Crossbows
 + Level 9.5(11.5) Throwing
 + Level 9.5 Armour
 + Level 10.6 Dodging
 + Level 13.3 Stealth
 + Level 9.5 Shields
 + Level 9.5(11.5) Unarmed Combat
 + Level 9.5(13.4) Spellcasting
 + Level 7.9(10.0) Conjurations
 + Level 7.9(10.0) Hexes
 + Level 7.9(10.0) Summonings
 + Level 7.9(10.0) Necromancy
 + Level 7.9(10.0) Translocations
 + Level 7.9(10.0) Transmutations
 + Level 7.9(10.9) Fire Magic
 + Level 7.9(10.9) Ice Magic
 + Level 7.9(10.9) Air Magic
 + Level 7.9(10.9) Earth Magic
 + Level 7.9(10.0) Poison Magic
 + Level 10.4 Invocations
 + Level 9.5(12.5) Evocations


You had 25 spell levels left.
You knew the following spells:

 Your Spells              Type           Power      Damage    Failure   Level
a - Mephitic Cloud        Conj/Pois/Air  60%        N/A       1%          3
b - Ignite Poison         Fire/Tmut/Pois 60%        N/A       1%          3
c - Stone Arrow           Conj/Erth      100%       3d13      1%          3
d - Fireball              Conj/Fire      30%        3d13      2%          5

Your spell library contained the following spells:

 Spells                   Type           Power      Damage    Failure   Level
 Freeze                   Ice            100%       1d11      1%          1
 Pain                     Necr           100%       1d9       1%          1
 Sandblast                Erth           100%       2d20      1%          1
 Passwall                 Tmut/Erth      50%        N/A       1%          2
 Conjure Flame            Conj/Fire      61%        6-21      1%          3
 Frozen Ramparts          Ice            100%       1d12      1%          3
 Gell's Gravitas          Tloc           59%        N/A       1%          3
 Lesser Beckoning         Tloc           59%        N/A       1%          3
 Ozocubu's Armour         Ice            62%        N/A       1%          3
 Teleport Other           Tloc           59%        N/A       1%          3
 Tukima's Dance           Hex            59%        N/A       1%          3
 Anguish                  Hex/Necr       29%        N/A       1%          4
 Hailstorm                Conj/Ice       61%        3d13      1%          4
 Iskenderun's Mystic Bla  Conj/Tloc      59%        2d12      1%          4
 Leda's Liquefaction      Hex/Erth       30%        N/A       1%          4
 Passage of Golubria      Tloc           59%        N/A       1%          4
 Sticky Flame             Conj/Fire      61%        2d8       1%          4
 Freezing Cloud           Conj/Ice/Air   30%        6-21      2%          5
 Lee's Rapid Deconstruct  Erth           31%        3d17*     2%          5
 Agony                    Necr           59%        N/A       3%          5
 Excruciating Wounds      Necr           29%        N/A       3%          5
 Irradiate                Conj/Tmut      29%        3d23      3%          5
 Iron Shot                Conj/Erth      30%        9d6       16%         6
 Statue Form              Tmut/Erth      40%        N/A       16%         6
 Ozocubu's Refrigeration  Ice            31%        4d11      56%         7
 Enfeeble                 Hex            29%        N/A       71%         7


Dungeon Overview and Level Annotations

Branches:
Dungeon (14/15)            Temple (0/1) D:4            Lair (0/6) D:11
    Orc (2/2) D:10            Elf (2/3) Orc:2
 Vaults: D:13-14

Altars:
Ashenzari
Makhleb
Sif Muna
Yredelemnul
Zin
Beogh

Shops:
D:3 (   D:10 [**[   D:12 !   Orc:2 (:?(   Elf:2 =(=

Portals:
Trove: D:11 (give 17 potions of curing)

Annotations:
D:2 Sigmund
D:4 exclusion: oklob sapling
D:12 Josephine


Innate Abilities, Weirdness & Mutations

You have very sharp teeth.
Your uncanny sense of smell can sniff out nearby items.
Your experience applies equally to all skills.


Message History

The deep elf zephyrmancer is severely wounded.
The deep elf zephyrmancer is engulfed in noxious fumes.
You block the deep elf zephyrmancer's attack.
The deep elf knight is engulfed in noxious fumes.
The deep elf zephyrmancer is engulfed in noxious fumes.
The deep elf zephyrmancer appears confused.
The deep elf knight is engulfed in noxious fumes.
The deep elf zephyrmancer is engulfed in noxious fumes.
The deep elf zephyrmancer appears confused.
You impale the deep elf zephyrmancer!!
You kill the deep elf zephyrmancer!
The deep elf knight casts a spell.
The deep elf knight flickers and vanishes for a moment.
The deep elf knight is engulfed in noxious fumes.
The deep elf knight appears confused.
The deep elf knight shouts, "What's happening?!"
The deep elf knight gestures wildly while chanting.
The deep elf knight seems to speed up.
The deep elf knight is engulfed in noxious fumes.
The deep elf knight asks, "Where am I?"
The deep elf knight howls, "My nostrils!"
The +3 triple sword of freezing hits you!!
The +3 triple sword of freezing freezes you.
A deep elf knight comes into view. It is wielding a +0 short sword.
The deep elf knight shouts!
The deep elf knight points at you and mumbles some strange words.
The shard of ice misses you.
The deep elf knight gestures wildly while chanting.
The deep elf knight flickers and vanishes for a moment.
The deep elf knight casts a spell at you.
The shard of ice hits you!!!
The deep elf knight casts a spell at you.
The shard of ice misses you.
As you read the scroll of teleportation, it crumbles to dust.
You feel strangely unstable.
The deep elf knight points at you and mumbles some strange words.
The shard of ice hits you!!
* * * LOW HITPOINT WARNING * * *
The +3 triple sword of freezing hits you!!
You die...

#.........)..# # , ...
#.⌠..........# # * ,,
...# #...........## #
.... #..........## #
,..e.. #.........##
.....##..)..⌠..## *
......'.).....##
,......''####### * ,
.......@### ##### *, ,
.......(..## ##...## , ,
...........###.....## *
,
,,....................##
, ..........e..........#
, ,, ,
.....................# ,
,
,.....................#
, .......###..........##
# , , * ......#
##........## ##


You could see 2 deep elf knights and a +3 triple sword of freezing.

Vanquished Creatures
  Kirke (D:13)
  A deep elf annihilator (Elf:1)
  2 boulder beetles
  Erolcha (D:12)
  A hydra (D:11)
  A centaur warrior (D:12)
  5 two-headed ogres
  14 dancing weapons
  4 orc high priests (Orc:2)
  7 deep elf knights (Elf:2)
  4 deep elf archers (Elf:2)
  16 deep elf pyromancers
  4 orc knights (Orc:2)
  11 deep elf zephyrmancers
  5 orc sorcerers
  6 cyclopes
  An elephant (D:11)
  An unseen horror (shapeshifter) (D:11)
  A queen bee (D:12)
  A guardian mummy (D:11)
  3 meliai (D:12)
  4 trolls
  A tarantella (shapeshifter) (Elf:2)
  A raiju (shapeshifter) (Elf:1)
  A water elemental (D:11)
  2 shadows (D:12)
  An air elemental (Elf:2)
  2 wraiths
  2 wyverns
  2 fire elementals (Elf:1)
  14 yaks (D:10)
  2 hogs (D:12)
  A hog (shapeshifter) (D:13)
  A golden eye (shapeshifter) (Elf:2)
  3 wargs
  An acid dragon (D:11)
  2 sky beasts
  A hornet zombie (D:6)
  2 black bears (D:11)
  18 orc warriors
  An ice beast (D:6)
  6 centaurs
  6 ogres
  The ghost of DungeonMaster the Magician, an amateur DsWn (D:3)
  3 phantoms
  A kobold brigand (D:9)
  A gnoll sergeant (D:9)
  2 bullfrogs
  2 earth elementals (Elf:2)
  27 killer bees
  7 wights
  4 howler monkeys
  2 centaur zombies (D:6)
  An electric eel (D:11)
  2 bullfrog zombies (D:6)
  15 orc priests
  A jelly (D:6)
  A centaur skeleton (D:7)
  An iguana (D:4)
  Terence (D:2)
  15 orc wizards
  A killer bee zombie (D:7)
  2 howler monkey zombies (D:6)
  A howler monkey skeleton (D:7)
  5 gnolls (D:9)
  8 adders
  A worm (D:3)
  42 orcs
  4 endoplasms
  A giant cockroach (D:2)
  6 goblins
  3 hobgoblins
  6 jackals (D:4)
  11 kobolds
  3 quokkas
  11 ball pythons
  4 bats
  6 frilled lizards
  6 rats
372 creatures vanquished.

Vanquished Creatures (collateral kills)
  An orc (D:9)
1 creature vanquished.

Vanquished Creatures (others)
  A deep elf pyromancer (Elf:1)
  19 plants
20 creatures vanquished.

Grand Total: 393 creatures vanquished

Notes
Turn   | Place    | Note
-------+----------+-------------------------------------------
     0 | D:5      | Reached skill level 9 in Stealth
     0 | D:5      | prikolics the Gnoll Delver began the quest for the Orb.
     0 | D:5      | Reached XP level 1. HP: 23/23 MP: 1/1
    77 | D:5      | Noticed an iguana
    94 | D:5      | Reached XP level 2. HP: 9/29 MP: 2/2
   113 | D:5      | HP: 1/29 [iguana (10)]
   114 | D:4      | Noticed an ogre
   210 | D:4      | Got the Tome of the Quantum Mountains
   256 | D:4      | Noticed a phantom
   286 | D:4      | Noticed an oklob sapling
   690 | D:1      | Reached XP level 3. HP: 34/35 MP: 3/3
  1036 | D:2      | Reached skill level 1 in Invocations
  1092 | D:2      | Noticed Sigmund
  1143 | D:2      | Reached skill level 1 in Short Blades
  1143 | D:2      | Reached skill level 1 in Long Blades
  1143 | D:2      | Reached skill level 1 in Axes
  1143 | D:2      | Reached skill level 1 in Maces & Flails
  1143 | D:2      | Reached skill level 1 in Staves
  1143 | D:2      | Reached skill level 1 in Slings
  1143 | D:2      | Reached skill level 1 in Bows
  1143 | D:2      | Reached skill level 1 in Crossbows
  1143 | D:2      | Reached skill level 1 in Throwing
  1143 | D:2      | Reached skill level 1 in Armour
  1143 | D:2      | Reached skill level 1 in Shields
  1143 | D:2      | Reached skill level 1 in Unarmed Combat
  1143 | D:2      | Reached skill level 1 in Spellcasting
  1143 | D:2      | Reached skill level 1 in Evocations
  1155 | D:2      | Found a faded altar of an unknown god.
  1233 | D:2      | Noticed Terence
  1260 | D:2      | Killed Terence
  1261 | D:2      | Reached XP level 4. HP: 15/41 MP: 5/5
  1366 | D:2      | Reached skill level 1 in Conjurations
  1366 | D:2      | Reached skill level 1 in Hexes
  1366 | D:2      | Reached skill level 1 in Summonings
  1366 | D:2      | Reached skill level 1 in Necromancy
  1366 | D:2      | Reached skill level 1 in Translocations
  1366 | D:2      | Reached skill level 1 in Transmutations
  1366 | D:2      | Reached skill level 1 in Fire Magic
  1366 | D:2      | Reached skill level 1 in Ice Magic
  1366 | D:2      | Reached skill level 1 in Air Magic
  1366 | D:2      | Reached skill level 1 in Earth Magic
  1366 | D:2      | Reached skill level 1 in Poison Magic
  1458 | D:2      | Identified the +10 short sword of the Lusting Mosquito
                  | {speed, Dex+2}
  1486 | D:2      | Found a glowing silver altar of Zin.
  1787 | D:3      | Found Iriq's Weapon Emporium.
  1923 | D:3      | Found a transporter.
  1923 | D:3      | Noticed DungeonMaster's ghost (amateur DsWn)
  1924 | D:3      | Identified the +6 great mace of Ucuese Ytuic {vorpal,
                  | *Noise Dex+4}
  1924 | D:3      | Noticed an ogre
  1925 | D:3      | Noticed an ogre
  1931 | D:3      | Found a transporter.
  2030 | D:3      | Reached XP level 5. HP: 47/47 MP: 6/6
  2179 | D:4      | Killed a phantom
  2259 | D:4      | Reached XP level 6. HP: 46/53 MP: 8/8
  2278 | D:4      | Found a staircase to the Ecumenical Temple.
  2448 | D:4      | Reached skill level 5 in Polearms
  2448 | D:4      | Reached skill level 5 in Dodging
  2565 | D:4      | Found a broken altar of Ashenzari.
  2594 | D:4      | Became a worshipper of Ashenzari the Shackled
  3099 | D:5      | Reached XP level 7. HP: 60/60 MP: 10/10
  3719 | D:6      | Reached skill level 10 in Stealth
  3743 | D:6      | Reached XP level 8. HP: 16/68 MP: 12/12
  4027 | D:6      | Noticed a two-headed ogre
  4045 | D:6      | Found a basalt altar of Yredelemnul.
  4167 | D:6      | Reached * piety under Ashenzari
  4617 | D:7      | Reached ** piety under Ashenzari
  4639 | D:7      | Reached XP level 9. HP: 77/77 MP: 17/17
  4900 | D:8      | Identified the +3 ring mail "Abbos" {Str+4 Int+5 Dex+3}
  5302 | D:8      | Found a burning altar of Makhleb.
  5654 | D:9      | Learned a level 3 spell: Mephitic Cloud
  5869 | D:10     | Entered Level 10 of the Dungeon
  5869 | D:10     | Noticed a two-headed ogre
  7236 | D:9      | Killed a two-headed ogre
  7237 | D:9      | Reached skill level 5 in Invocations
  7312 | D:10     | Reached XP level 10. HP: 78/85 MP: 13/19
  7325 | D:10     | Found Parop's Armour Shop.
  7338 | D:10     | Bought a +0 pair of boots of stealth for 195 gold pieces
  7343 | D:10     | Reached *** piety under Ashenzari
  7375 | D:10     | Found Kechewim's Assorted Antiques.
  7381 | D:10     | Bought a bubbling silvery potion for 26 gold pieces
  7381 | D:10     | Bought a fine bone amulet for 145 gold pieces
  7381 | D:10     | Identified the amulet "Gaczou" {+Inv Regen+ Int-4 Stlth+}
                  | (You bought it in a shop on level 10 of the Dungeon)
  7389 | D:10     | Found a staircase to the Orcish Mines.
  7410 | D:10     | Reached **** piety under Ashenzari
  7434 | D:10     | Reached skill level 5 in Short Blades
  7434 | D:10     | Reached skill level 5 in Long Blades
  7434 | D:10     | Reached skill level 5 in Axes
  7434 | D:10     | Reached skill level 5 in Maces & Flails
  7434 | D:10     | Reached skill level 5 in Staves
  7434 | D:10     | Reached skill level 5 in Slings
  7434 | D:10     | Reached skill level 5 in Bows
  7434 | D:10     | Reached skill level 5 in Crossbows
  7434 | D:10     | Reached skill level 5 in Throwing
  7434 | D:10     | Reached skill level 5 in Armour
  7434 | D:10     | Reached skill level 5 in Shields
  7434 | D:10     | Reached skill level 5 in Unarmed Combat
  7434 | D:10     | Reached skill level 5 in Spellcasting
  7434 | D:10     | Reached skill level 5 in Evocations
  7449 | D:10     | Learned a level 3 spell: Ignite Poison
  7747 | D:10     | Reached skill level 11 in Stealth
  7904 | D:10     | Found Wadelop's General Store.
  7916 | D:10     | Found Kiczo's Antique Armour Emporium.
  7926 | D:10     | Noticed a two-headed ogre
  7932 | D:10     | Killed a two-headed ogre
  8036 | D:10     | Found Nanubb's Antique Armour Shop.
  8047 | D:10     | Found a shimmering blue altar of Sif Muna.
  8217 | D:10     | Reached XP level 11. HP: 84/96 MP: 19/24
  8489 | D:11     | Noticed a cyclops
  8492 | D:11     | Killed a cyclops
  8512 | D:11     | Reached skill level 5 in Conjurations
  8512 | D:11     | Reached skill level 5 in Hexes
  8512 | D:11     | Reached skill level 5 in Summonings
  8512 | D:11     | Reached skill level 5 in Necromancy
  8512 | D:11     | Reached skill level 5 in Translocations
  8512 | D:11     | Reached skill level 5 in Transmutations
  8512 | D:11     | Reached skill level 5 in Fire Magic
  8512 | D:11     | Reached skill level 5 in Ice Magic
  8512 | D:11     | Reached skill level 5 in Air Magic
  8512 | D:11     | Reached skill level 5 in Earth Magic
  8512 | D:11     | Reached skill level 5 in Poison Magic
  8540 | D:11     | Found a staircase to the Lair.
  8746 | Orc:1    | Entered Level 1 of the Orcish Mines
  8784 | Orc:2    | Entered Level 2 of the Orcish Mines
  8787 | Orc:2    | Noticed an orc high priest
  8791 | Orc:2    | Noticed a soul eater
  8795 | Orc:2    | Noticed a cyclops
  8799 | Orc:2    | Killed an orc high priest
  8824 | Orc:2    | Killed a cyclops
  9587 | Orc:2    | Found Emaos's Antique Weapon Shoppe.
  9590 | Orc:2    | Noticed an orc knight
  9590 | Orc:2    | Noticed an orc knight
  9591 | Orc:2    | Found Zunog's Magic Scroll Shop.
  9593 | Orc:2    | Noticed an orc high priest
  9593 | Orc:2    | Noticed an orc sorcerer
  9593 | Orc:2    | Noticed an orc high priest
  9595 | Orc:2    | Noticed an orc knight
  9595 | Orc:2    | Noticed an orc high priest
  9595 | Orc:2    | Noticed an orc sorcerer
  9599 | Orc:2    | Killed an orc sorcerer
  9602 | Orc:2    | Killed an orc sorcerer
  9616 | Orc:2    | Killed an orc knight
  9625 | Orc:2    | Killed an orc knight
  9873 | Orc:2    | Reached XP level 12. HP: 64/105 MP: 26/26
 10065 | Orc:2    | Killed an orc high priest
 10110 | Orc:2    | Noticed a soul eater
 10110 | Orc:2    | Killed an orc high priest
 10355 | Orc:2    | Killed an orc high priest
 10396 | Orc:2    | Found Astrillo's Weapon Shoppe.
 10410 | Orc:2    | Found Ixyg's Book Shop.
 10759 | Orc:2    | Found a staircase to the Elven Halls.
 10773 | Orc:2    | Reached skill level 12 in Stealth
 11369 | D:6      | Killed a two-headed ogre
 11558 | D:3      | Killed DungeonMaster's ghost
 11559 | D:3      | Reached skill level 10 in Fighting
 11831 | D:11     | Found a portal to a secret trove of treasure.
 11838 | D:11     | Learned a level 3 spell: Stone Arrow
 11903 | D:11     | Noticed a six-headed hydra
 11939 | D:11     | Killed a six-headed hydra
 12406 | D:12     | Found Quityd's Distillery.
 12415 | D:12     | Bought a potion of curing for 42 gold pieces
 12415 | D:12     | Bought a potion of heal wounds for 70 gold pieces
 12415 | D:12     | Bought a potion of curing for 42 gold pieces
 12451 | D:12     | Noticed a two-headed ogre
 12456 | D:12     | Killed a two-headed ogre
 12483 | D:12     | Noticed a centaur warrior
 12487 | D:12     | Killed a centaur warrior
 12559 | D:12     | Noticed a boulder beetle
 12592 | D:12     | Killed a boulder beetle
 12665 | D:12     | Noticed Erolcha
 12665 | D:12     | Noticed a two-headed ogre
 12673 | D:12     | Killed a two-headed ogre
 12674 | D:12     | Reached XP level 13. HP: 113/113 MP: 19/28
 12674 | D:12     | Killed Erolcha
 12780 | D:12     | Noticed Josephine
 13001 | D:13     | Noticed Kirke
 13021 | D:13     | Killed Kirke
 13327 | Elf:1    | Entered Level 1 of the Elven Halls
 13517 | Elf:1    | Noticed a deep elf annihilator
 13517 | Elf:1    | Identified the Catalogue of Attacks
 13533 | Elf:1    | Killed a deep elf annihilator
 13547 | Elf:1    | Learned a level 5 spell: Fireball
 14335 | Elf:2    | Found Omarph's Jewellery Shoppe.
 14343 | Elf:2    | Bought an amulet of reflection for 330 gold pieces
 14432 | Elf:2    | Reached skill level 10 in Polearms
 14432 | Elf:2    | Reached skill level 10 in Dodging
 14432 | Elf:2    | Reached XP level 14. HP: 88/120 MP: 17/30
 14474 | Elf:2    | Found Leiblu's Jewellery Boutique.
 14680 | Elf:2    | Reached skill level 13 in Stealth
 14856 | Elf:2    | Found a runed translucent gate.
 14857 | Elf:2    | Found a runed translucent gate.
 14857 | Elf:2    | Found a runed translucent gate.
 14984 | Elf:2    | Found Peugoki's Antique Weapon Emporium.
 15063 | Elf:2    | Reached skill level 10 in Invocations
 15291 | Elf:2    | HP: 2/121 [deep elf knight/lance of force (15)]
 17158 | Elf:2    | Annihilated by a +3 triple sword of freezing

Illustrated notes

Levels and vault maps discovered:
D:1:      scummos_arrival_checkerplants, layout_basic, minmay_pentomino_v2
D:2:      layout_loops_cross, nicolae_ecumenical_snake_handling, basic_altar,
          fountainhead, grunt_ministairs_1, uniq_terence, uniq_sigmund
D:3:      layout_loops_cross, gammafunk_ghost_smash, serial_shops, shop
D:4:      layout_loops_cross, nicolae_ashenzari_panopticon,
          minmay_temple_entry_oklob, minmay_misc_feat_roman
D:5:      layout_rooms
D:6:      layout_rooms, nicolae_yredelemnul_corpse_copse, amethyst_killhole
D:7:      layout_basic, glass_columns_a
D:8:      layout_loops_ring, lightli_temple_of_fire
D:9:      layout_basic, serial_curves, eino_curves_02, eino_curves_02,
          eino_curves_01
D:10:     layout_irregular_city, kennysheep_mini_moat,
          minmay_orc_entry_temple_small, serial_shops, shop, shop, shop,
          nicolae_shop_window_shopping, nicolae_square_shop
D:11:     layout_basic, david_lair_generic, nicolae_trove_entry_path_of_doom
D:12:     layout_roguey [special_room_bee], serial_shops, shop_fountains,
          uniq_josephine, uniq_erolcha
D:13:     layout_basic, grunt_decor_junction, st_stairs_13,
          minmay_stone_trees_small, kennysheep_okawaru_gauntlet, uniq_kirke,
          uniq_urug
D:14:     layout_stronghold, lightli_vaults_fourway_checkpoint, serial_undead,
          serial_undead_c, serial_undead_c, serial_undead_c, serial_undead_e,
          grunt_decor_clamped, kennysheep_another_room, uniq_louise
Orc:1:    layout_diamond_mine
Orc:2:    st_orc_elflike, layout_caves, basic_altar, nicolae_orc_lava_tube
Elf:1:    layout_onion_city, minmay_elf_annihilation, grunt_megastairs_3
Elf:2:    nicolae_elf_blades_crystal_corner, layout_geoelf_diagonals,
          serial_shops, shop, nicolae_diamond_shop, shop

Skill      XL: |  1  2  3  4  5  6  7  8  9 10 11 12 13 14 |
---------------+-------------------------------------------+-----
Stealth        | 10 11 12 13 | 13.3
Invocations    | 1 2 3 4 5 6 7 8 9 10 | 10.4
Short Blades   | 1 2 3 4 5 6 7 8 9 |  9.5
Long Blades    | 1 2 3 4 5 6 7 8 9 |  9.5
Axes           | 1 2 3 4 5 6 7 8 9 |  9.5
Maces & Flails | 1 2 3 4 5 6 7 8 9 |  9.5
Staves         | 1 2 3 4 5 6 7 8 9 |  9.5
Slings         | 1 2 3 4 5 6 7 8 9 |  9.5
Bows           | 1 2 3 4 5 6 7 8 9 |  9.5
Crossbows      | 1 2 3 4 5 6 7 8 9 |  9.5
Throwing       | 1 2 3 4 5 6 7 8 9 |  9.5
Armour         | 1 2 3 4 5 6 7 8 9 |  9.5
Shields        | 1 2 3 4 5 6 7 8 9 |  9.5
Unarmed Combat | 1 2 3 4 5 6 7 8 9 |  9.5
Spellcasting   | 1 2 3 4 5 6 7 8 9 |  9.5
Evocations     | 1 2 3 4 5 6 7 8 9 |  9.5
Conjurations   | 1 2 3 4 5 6 7 |  7.9
Hexes          | 1 2 3 4 5 6 7 |  7.9
Summonings     | 1 2 3 4 5 6 7 |  7.9
Necromancy     | 1 2 3 4 5 6 7 |  7.9
Translocations | 1 2 3 4 5 6 7 |  7.9
Transmutations | 1 2 3 4 5 6 7 |  7.9
Fire Magic     | 1 2 3 4 5 6 7 |  7.9
Ice Magic      | 1 2 3 4 5 6 7 |  7.9
Air Magic      | 1 2 3 4 5 6 7 |  7.9
Earth Magic    | 1 2 3 4 5 6 7 |  7.9
Poison Magic   | 1 2 3 4 5 6 7 |  7.9
Polearms       | 5 6 7 8 9 10 | 10.6
Dodging        | 5 6 7 8 9 10 | 10.6
Fighting       | 7 8 9 10 11 | 11.5

Action                   |  1- 3 |  4- 6 |  7- 9 | 10-12 | 13-15 || total
-------------------------+-------+-------+-------+-------+-------++-------
Melee: Spear             |   117 |    20 |       |       |       ||   137
       Punch             |     3 |       |     1 |       |       ||     4
       Bite              |     7 |     9 |    29 |    62 |    29 ||   136
       Short sword       |       |    75 |   200 |   403 |   210 ||   888
Throw: Dart              |       |       |    12 |     4 |       ||    16
       Boomerang         |       |       |       |     3 |     4 ||     7
 Cast: Mephitic Cloud    |       |       |     6 |    46 |    32 ||    84
       Ignite Poison     |       |       |       |    17 |     6 ||    23
       Stone Arrow       |       |       |       |     7 |    47 ||    54
       Fireball          |       |       |       |       |     3 ||     3
Invok: Curse Item        |       |       |     4 |     2 |     1 ||     7
       Shatter the Chain |       |       |       |       |     1 ||     1
  Use: Scroll            |     1 |     1 |     6 |       |     1 ||     9
       Potion            |     1 |       |     3 |     1 |     4 ||     9
 Stab: Sleeping          |    12 |     7 |    12 |    14 |    22 ||    67
       Confused          |       |       |     5 |    32 |    18 ||    55
       Distracted        |       |       |       |     1 |       ||     1
Armor: Scale mail        |    28 |    26 |       |       |       ||    54
       Leather armour    |       |       |    14 |       |       ||    14
       Ring mail         |       |       |     8 |    28 |    14 ||    50
Dodge: Dodged            |    32 |    25 |    78 |   109 |    84 ||   328
Block: Buckler           |       |       |    19 |    51 |    74 ||   144
       Reflection        |       |       |       |       |     7 ||     7
